 Dungeon Crawl Stone Soup version 0.28-a0-1038-g9c4cb8273d (webtiles) character file.

Game seed: 9820733754375861690

18 ytrimaz the Shield-Bearer (level 2, -2/24 HPs)
             Began as a Formicid Fighter on Dec 8, 2021.
             Slain by Terence (6 damage)
             ... on level 2 of the Dungeon.
             The game lasted 00:00:43 (884 turns).

ytrimaz the Shield-Bearer (Formicid Fighter)         Turns: 884, Time: 00:00:43

Health: -2/24      AC:  6    Str: 20    XL:     2   Next: 90%
Magic:  2/2        EV:  9    Int:  7    God:
Gold:   6          SH:  4    Dex: 10    Spells: 1/1 levels left

rFire   . . .      SeeInvis +   a - +0 war axe
rCold   . . .      Faith    .   c - +0 buckler
rNeg    . . .      Spirit   .   b - +0 scale mail
rPois   .          Reflect  .   (helmet unavailable)
rElec   .          Harm     .   (no cloak)
rCorr   .          Rampage  .   (no gloves)
Will    .....                   (no boots)
Stlth   ..........              (no amulet)
HPRegen 0.08/turn               (no ring)
MPRegen 0.08/turn               (no ring)

@: no status effects
A: permanent stasis, dig shafts and tunnels, antennae 3, four strong arms
a: Dig, Shaft Self


You were on level 2 of the Dungeon.
You visited 1 branch of the dungeon, and saw 2 of its levels.

You collected 6 gold pieces.

Inventory:

Hand Weapons
 a - a +0 war axe (weapon)
Armour
 b - a +0 scale mail (worn)
 c - a +0 buckler (worn)
Potions
 d - a potion of might
 e - 2 potions of lignification {unknown}
 f - 2 potions of curing {unknown}
 g - a potion of attraction


   Skills:
 + Level 3.4 Fighting
 * Level 2.3 Axes
 + Level 3.5 Armour
 * Level 4.1 Shields


You had one spell level left.
You didn't know any spells.
Your spell library contained the following spells:

 Spells                   Type           Power      Damage    Failure   Level
 Slow                     Hex            0%         N/A       78%         1
 Static Discharge         Conj/Air       0%         N/A       89%         2
 Confusing Touch          Hex            0%         N/A       98%         3
 Dispel Undead            Necr           0%         3d6       100%        4
 Sticky Flame             Conj/Fire      0%         2d3       100%        4
 Yara's Violent Unravell  Hex/Tmut       0%         3d3       100%        5


Dungeon Overview and Level Annotations

Branches:
Dungeon (2/15)

Altars:

Annotations:
D:2 Terence


Innate Abilities, Weirdness & Mutations

You cannot be hasted, slowed, berserked, paralysed or teleported.
You can dig through walls and to a lower floor.
You have a pair of large antennae on your head. (SInv)
Your four strong arms can wield two-handed weapons with a shield.


Message History

You pick up a book of Touch and begin reading...
You add the spells Static Discharge, Sticky Flame and Dispel Undead to your library.
You now have 6 gold pieces.
Terence the Incautious comes into view.
He is wielding a +0 short sword.
Terence shouts!
Terence is nearby!
Terence is nearby!
Terence hits you but does no damage.
You hit Terence but do no damage. Terence hits you with a +0 short sword.
Terence hits you but does no damage.
You barely miss Terence. Terence barely misses you.
You barely miss Terence. Terence hits you with a +0 short sword.
You block Terence's attack.
You hit Terence but do no damage. Terence hits you with a +0 short sword.
You barely miss Terence. Terence closely misses you.
You hit Terence.
Terence is moderately wounded.
Terence barely misses you. Terence hits you with a +0 short sword.
You are too injured to fight recklessly!
You are too injured to fight recklessly!
You are too injured to fight recklessly!
You hit Terence but do no damage.
Terence is moderately wounded.
You block Terence's attack.
You closely miss Terence.
Terence is moderately wounded.
Terence completely misses you. Terence hits you with a +0 short sword.
You completely miss Terence.
Terence is moderately wounded.
Terence hits you with a +0 short sword.
You completely miss Terence.
Terence is moderately wounded.
Terence asks, "Do you want it fast or slow?"
Terence closely misses you.
You hit Terence.
Terence is moderately wounded.
Terence hits you with a +0 short sword.
* * * LOW HITPOINT WARNING * * *
Terence hits you with a +0 short sword.
You die...

#.### #.##
#....#.#.##
##..#..###.#
#.....#.#.##
.........##
......#.##
..... #.#
....
#.###########
.#.
#....@@......
#
#############
{


You could see Terence.

Vanquished Creatures
  A ball python (D:1)
  3 bats (D:1)
  An endoplasm (D:1)
  2 giant cockroaches (D:1)
  2 goblins
  3 hobgoblins (D:1)
  A quokka (D:1)
  A kobold (D:1)
  A rat (D:1)
15 creatures vanquished.

Notes
Turn   | Place    | Note
-------+----------+-------------------------------------------
     0 | D:1      | ytrimaz the Formicid Fighter began the quest for the Orb.
     0 | D:1      | Reached XP level 1. HP: 18/18 MP: 1/1
    77 | D:1      | Reached XP level 2. HP: 14/24 MP: 2/2
   296 | D:1      | Reached skill level 4 in Shields
   638 | D:1      | Found a faded altar of an unknown god.
   870 | D:2      | Noticed Terence
   884 | D:2      | Slain by Terence

Illustrated notes

Levels and vault maps discovered:
D:1:      wander_arrival_chamber, layout_loops_ring,
          shapermc_ecumenical_altar_pompeii
D:2:      layout_loops_ring, roderic_lattice_a, minmay_rat_hole, uniq_terence

Skill      XL: |  1  2 |
---------------+-------+-----
Shields        | 4 |  4.1
Fighting       | |  3.4
Axes           | |  2.3
Armour         | |  3.5

Action                   || total
-------------------------++-------
Melee: War axe           ||    54
  Use: Scroll            ||     2
Armor: Scale mail        ||    22
Dodge: Dodged            ||    28
Block: Buckler           ||    13

Table legend: (Time is in decaauts)
 A = Elapsed time spent in this place.
 B = Non-inter-level travel time spent in this place.
 C = Inter-level travel time spent in this place.
 D = Time resting spent in this place.
 E = Time spent auto-exploring this place.
 F = Levels seen in this place.
 G = Mean time per level.
                   A        B        C        D        E       F      G
               +--------+--------+--------+--------+--------+-----+--------+
         Total |    904 |    880 |     24 |      0 |    740 |   2 |  452.0 |
       Dungeon |    904 |    880 |     24 |      0 |    740 |   2 |  452.0 |
               +--------+--------+--------+--------+--------+-----+--------+

Top non-repeatable levels by time:
     D:1: 833 daAuts
     D:2: 71 daAuts
